 Dungeon Crawl Stone Soup version 0.28.0-53-g5a82cb258f (webtiles) character file.

Game seed: 1594364314731413390

5335 tizbic2 the Caller (level 10, -1/83 HPs)
             Began as a Ghoul Summoner on July 25, 2022.
             Was a Believer of Ashenzari.
             Slain by a yak (4 damage)
             ... on level 9 of the Dungeon.
             The game lasted 00:56:45 (11081 turns).

tizbic2 the Caller (Ghoul Summoner)                Turns: 11081, Time: 00:56:45

Health: -1/83      AC: 16    Str: 12    XL:     10   Next: 64%
Magic:  10/19      EV: 12    Int: 14    God:    Ashenzari [**....]
Gold:   385        SH:  0    Dex: 15    Spells: 18/22 levels left

rFire   + + .      SeeInvis +   w - +2 mace (venom)
rCold   + + +      Faith    .   (no shield)
rNeg    + + +      Spirit   .   h - +4 ring mail "Yoke of the Cosmos" {-Tele Fly rF++ Int+2, Comp, Evo} (curse)
rPois   ∞          Reflect  .   v - +2 helmet "Restrained With Me" {SInv, Elem, Cun} (curse)
rElec   .          Harm     .   r - +2 cloak of Supernal Knowledge {Elem, Self} (curse)
rCorr   .          Rampage  .   (no gloves)
Will    .....      NoTele   +   (no boots)
Stlth   ++........              C - amulet of the acrobat
HPRegen 0.00/turn               l - ring of protection from cold
MPRegen 0.16/turn               m - ring "Revealing Entitlement" {rC++ Str-3 Dex+6 Slay+5, Bglg, Self} (curse)

@: flying, inhibited regen
A: claws 1, cold resistance 1, negative energy resistance 3, inhibited
regeneration, torment resistance 2
a: Renounce Religion, Shatter the Chains


You were on level 9 of the Dungeon.
You worshipped Ashenzari.
Ashenzari was pleased with you.
You visited 2 branches of the dungeon, and saw 10 of its levels.
You also visited: Bailey.

You collected 385 gold pieces.

Inventory:

Hand Weapons
 b - a +2 dagger of holy wrath
 q - a +4 quarterstaff of chaos
 w - a +2 mace of venom (weapon)
 x - a +5 long sword
Missiles
 c - 302 stones
 e - 22 poisoned darts
 g - 67 arrows
 u - a silver boomerang (quivered)
Armour
 h - the cursed +4 ring mail "Yoke of the Cosmos" (worn) {-Tele Fly rF++ Int+2, Comp, Evo}
   (You found it on level 4 of the Dungeon)

   Int:       It affects your intelligence (+2).
   rF:        It greatly protects you from fire.
   Fly:       It grants you flight.
   -Tele:     It prevents most forms of teleportation.
   It has a curse which improves the following skills: Companions: Summonings
   and Necromancy.
   Evocations: Evocations.
 r - the cursed +2 cloak of Supernal Knowledge (worn) {Elem, Self}
   (You took it off Crazy Yiuf on level 2 of the Dungeon)

   It has a curse which improves the following skills: Elements: Fire Magic, Ice
   Magic, Air Magic and Earth Magic.
   Introspection: Fighting and Spellcasting.
 v - the cursed +2 helmet "Restrained With Me" (worn) {SInv, Elem, Cun}
   (You found it on level 4 of the Dungeon)

   It has a curse which improves the following skills: Elements: Fire Magic, Ice
   Magic, Air Magic and Earth Magic.
   Cunning:   Dodging and Stealth.
Magical Staves
 d - a staff of earth
Jewellery
 a - a ring of protection from fire
 l - a ring of protection from cold (left claw)
 m - the cursed ring "Revealing Entitlement" (right claw) {rC++ Str-3 Dex+6 Slay+5, Bglg, Self}
   (You found it on level 4 of the Dungeon)

   [ring of dexterity]

   Str:       It affects your strength (-3).
   Dex:       It affects your dexterity (+6).
   Slay:      It affects your accuracy & damage with ranged weapons and melee
   (+5).
   rC:        It greatly protects you from cold.
   It has a curse which improves the following skills: Beguiling: Conjurations,
   Hexes and Translocations.
   Introspection: Fighting and Spellcasting.
 C - an amulet of the acrobat (around neck)
Wands
 p - a wand of iceblast (10)
 s - a wand of flame (27)
 B - a wand of digging (5)
 G - a wand of paralysis (10)
Scrolls
 i - a scroll of brand weapon
 j - 2 scrolls of vulnerability
 n - a scroll of silence
 o - 3 scrolls of teleportation
 y - a scroll of fog
 z - 3 scrolls of blinking
 D - 2 scrolls of fear
 E - a scroll of amnesia
 H - a scroll of summoning
 I - 2 scrolls of magic mapping
Potions
 f - 2 potions of brilliance
 k - 2 potions of magic
 t - a potion of cancellation
 A - a potion of attraction
 F - 3 potions of curing


   Skills:
 + Level 4.4(6.2) Fighting
 + Level 7.3 Staves
 + Level 3.2 Armour
 - Level 3.3(4.4) Dodging
 - Level 2.1(3.1) Stealth
 - Level 4.8(6.7) Spellcasting
 + Level 7.3(8.6) Summonings
 + Level 4.6(6.4) Earth Magic
 - Level 0.5 Poison Magic
 * Level 5.1(6.3) Evocations


You had 18 spell levels left.
You knew the following spells:

 Your Spells              Type           Power      Damage    Failure   Level
a - Summon Small Mammal   Summ           100%       N/A       1%          1
b - Call Canine Familiar  Summ           28%        N/A       2%          3

Your spell library contained the following spells:

 Spells                   Type           Power      Damage    Failure   Level
 Call Imp                 Summ           28%        N/A       1%          2
 Summon Guardian Golem    Hex/Summ       16%        N/A       16%         3
 Animate Skeleton         Necr           10%        N/A       30%         1
 Apportation              Tloc           10%        N/A       30%         1
 Summon Lightning Spire   Summ/Air       17%        N/A       45%         4
 Confusing Touch          Hex            5%         N/A       65%         3
 Yara's Violent Unravell  Hex/Tmut       2%         3d3       100%        5
 Enfeeble                 Hex            2%         N/A       100%        7


Dungeon Overview and Level Annotations

Branches:
Dungeon (9/15)             Temple (1/1) D:5          Bailey (visited)
   Lair: D:8-11         Orc: D:9-12

Altars:
Ashenzari
Cheibriados
Dithmenos
Elyvilon
Fedhas
Gozag
Hepliaklqana
Kikubaaqudgha
Makhleb
Nemelex Xobeh
Okawaru
Qazlal
Ru
Sif Muna
Trog
Uskayaw
Vehumet
Wu Jian
Xom
Yredelemnul
Zin
The Shining One


Innate Abilities, Weirdness & Mutations

You thrive by killing the living.
You are immune to poison.
You have sharp fingernails.
Your flesh is cold resistant. (rC+)
You are immune to negative energy. (rN+++)
You do not regenerate when monsters are visible.
You are immune to unholy pain and torment.


Message History

Your hound bites the yak.
The yak gores your hound!
Your hound barely misses the yak.
Casting: Call Canine Familiar (mildly dangerous; 2% risk of failure)
Confirm with . or Enter, or press ? or * to list all spells.
Your hound disappears in a puff of smoke!
The yak barely misses you.
Your hound bites the yak but does no damage.
Your hound bites the yak.
The yak looks more healthy.
Your hound bites the yak.
You hit the yak.
The yak looks even sicker.
The yak is severely wounded.
The yak barely misses your hound. The yak closely misses you.
Your hound bites the yak but does no damage.
The yak gores your hound.
Your hound bites the yak but does no damage.
You sock the yak!
The yak looks as sick as possible!
The yak is almost dead.
The yak gores your hound!
Your hound dies!
Your hound's corpse disappears in a puff of smoke!
The yak gores you but does no damage.
You barely miss the yak.
The yak is almost dead.
You kill the yak!
You feel better.
You hit the yak.
The yak is poisoned.
The yak is lightly wounded.
The yak gores you but does no damage.
You barely miss the yak.
The yak is lightly wounded.
The yak gores you but does no damage.
You sock the yak!
The yak looks as sick as possible!
The yak is moderately wounded.
The yak gores you!
* * * LOW HITPOINT WARNING * * *
The yak completely misses you.
Casting: Call Canine Familiar (mildly dangerous; 2% risk of failure)
Confirm with . or Enter, or press ? or * to list all spells.
The yak gores you.
You die...

#............###...##...###
#.#######...÷÷.............
#.# #.................. #.#
#....######........ #.#
#....# #...##### #.# #...>#
#...# # #.# #....# #...# #
#.#######..Y.######...#####
#........h@Y...............
###########################


You could see 2 yaks and a friendly hound (summoned).

Vanquished Creatures
  A cyclops (D:7)
  Prince Ribbit (D:7)
  7 yaks
  Menkaure (D:5)
  A water moccasin (D:8)
  An orc warrior (D:8)
  A sky beast (D:7)
  An ogre (D:5)
  A kobold brigand (D:6)
  2 bullfrogs (D:7)
  A scorpion (D:5)
  A water moccasin zombie (D:5)
  6 wights (D:7)
  A centaur zombie (D:7)
  A hound (D:6)
  Crazy Yiuf (D:2)
  A bullfrog skeleton (D:5)
  3 orc priests
  An iguana (D:5)
  Natasha (twice) (D:3)
  2 orc wizards
  2 adders
  4 gnolls
  2 shadow imps
  A white imp (D:7)
  An ufetubus (D:6)
  A worm (D:2)
  2 dart slugs
  14 orcs
  4 bats
  3 endoplasms
  A giant cockroach (D:4)
  4 goblins
  6 hobgoblins
  7 kobolds
  2 quokkas
  2 ball pythons
  A rat (D:3)
94 creatures vanquished.

Vanquished Creatures (collateral kills)
  A wraith (D:9)
  4 yaks
  Edmund (D:6)
  2 orc warriors
  A water moccasin (D:7)
  A hornet zombie (D:7)
  A phantom (D:6)
  A wyvern zombie (D:8)
  A gnoll sergeant (D:8)
  2 bullfrogs
  An electric eel (Bailey)
  5 wights
  A howler monkey (D:6)
  A bullfrog zombie (D:5)
  2 orc priests
  A centaur skeleton (D:5)
  2 hounds
  2 jellies
  Terence (D:2)
  Natasha (D:3)
  An orc wizard (D:5)
  A hound zombie (D:5)
  A howler monkey zombie (D:8)
  Robin (D:2)
  4 gnolls
  An adder (D:2)
  A shadow imp (D:5)
  A white imp (D:5)
  An ufetubus (D:5)
  A dart slug (D:3)
  6 orcs
  3 endoplasms (D:1)
  2 giant cockroaches
  11 goblins
  6 hobgoblins
  3 jackals (D:2)
  5 kobolds
  A quokka (D:2)
  A ball python (D:2)
  2 bats
  2 frilled lizards (D:2)
  2 rats
89 creatures vanquished.

Grand Total: 183 creatures vanquished

Notes
Turn   | Place    | Note
-------+----------+-------------------------------------------
     0 | D:1      | tizbic2 the Ghoul Summoner began the quest for the Orb.
     0 | D:1      | Reached XP level 1. HP: 14/14 MP: 2/2
    90 | D:1      | Reached XP level 2. HP: 17/22 MP: 1/3
   411 | D:1      | Reached skill level 1 in Fighting
   741 | D:1      | Reached XP level 3. HP: 19/28 MP: 2/5
   782 | D:1      | Learned a level 3 spell: Call Canine Familiar
  1052 | D:2      | Noticed Terence
  1073 | D:2      | Killed Terence
  1310 | D:2      | Reached XP level 4. HP: 35/35 MP: 1/6
  1796 | D:2      | Noticed Robin
  2062 | D:2      | Killed Robin
  2367 | D:2      | You fall into a shaft and drop 1 floor!
  2383 | D:3      | Found a faded altar of an unknown god.
  2477 | D:3      | Reached XP level 5. HP: 29/41 MP: 2/7
  2639 | D:2      | Found a runed translucent door.
  2640 | D:2      | Noticed Crazy Yiuf
  2664 | D:2      | Killed Crazy Yiuf
  2665 | D:2      | Reached skill level 1 in Staves
  2665 | D:2      | Reached skill level 1 in Armour
  3189 | D:3      | Noticed Natasha
  3195 | D:3      | Killed Natasha
  3237 | D:3      | Noticed Natasha
  3246 | D:3      | Killed Natasha
  3321 | D:3      | Noticed Natasha
  3331 | D:3      | Killed Natasha
  3332 | D:3      | Reached XP level 6. HP: 26/48 MP: 5/9
  3621 | D:4      | Identified the ring "Miteadgh" {rC++ Str-3 Dex+6 Slay+5}
  3731 | D:4      | Identified the +4 ring mail of Gluttony {-Tele Fly rF++
                  | Int+2}
  4111 | D:5      | Entered Level 5 of the Dungeon
  4299 | D:5      | Found a staircase to the Ecumenical Temple.
  4349 | D:5      | Reached skill level 5 in Summonings
  4362 | Temple   | Entered the Ecumenical Temple
  4609 | Temple   | Became a worshipper of Ashenzari the Shackled
  4734 | D:5      | Reached XP level 7. HP: 12/55 MP: 8/10
  5083 | D:5      | Noticed Menkaure
  5098 | D:5      | Killed Menkaure
  5198 | D:5      | Reached XP level 8. HP: 55/61 MP: 12/12
  5824 | D:6      | Noticed Edmund
  5842 | D:6      | Killed Edmund
  5843 | D:6      | Reached skill level 5 in Staves
  6545 | D:6      | Reached * piety under Ashenzari
  6776 | D:7      | Reached skill level 1 in Evocations
  6937 | D:7      | Reached skill level 1 in Earth Magic
  7030 | D:7      | Reached XP level 9. HP: 57/68 MP: 10/15
  7032 | D:7      | Found a flagged portal.
  7050 | Bailey   | Entered a bailey
  7683 | D:7      | Noticed Prince Ribbit
  7710 | D:7      | Killed Prince Ribbit
  7714 | D:7      | Found an ancient bone altar of Kikubaaqudgha.
  7767 | D:7      | Reached ** piety under Ashenzari
  8461 | D:8      | Noticed a cyclops
  9641 | D:7      | Killed a cyclops
  9642 | D:7      | Reached XP level 10. HP: 56/81 MP: 15/19
 10712 | D:9      | Noticed a two-headed ogre
 11054 | D:9      | Reached skill level 5 in Evocations
 11077 | D:9      | HP: 3/83 [yak (13)]
 11081 | D:9      | Slain by a yak

Illustrated notes

Levels and vault maps discovered:
D:1:      giann_bridges, layout_loops_ring
D:2:      layout_basic, hex_medium, uniq_terence, uniq_crazy_yiuf_cottage,
          uniq_robin
D:3:      layout_basic, hellmonk_ecumenical_altar_arch_garden, uniq_natasha
D:4:      layout_rooms, kennysheep_nub
D:5:      layout_gridville, minmay_temple_entry_ruins, uniq_menkaure
D:6:      layout_loops_corners, uniq_edmund
D:7:      layout_basic, kennysheep_mini, enter_bailey_2,
          chequers_serial_rivers_small_3, uniq_prince_ribbit1
D:8:      layout_rooms, chequers_serial_rivers_marsh
D:9:      layout_small_grid
Temple:   mainiacjoe_temple_starburst

Skill      XL: |  1  2  3  4  5  6  7  8  9 10 |
---------------+-------------------------------+-----
Spellcasting   | 2 3 4 |  4.8
Fighting       | 1 2 3 4 |  4.4
Summonings     | 4 5 6 7 |  7.3
Staves         | 2 3 4 5 6 7 |  7.3
Armour         | 1 2 3 |  3.2
Dodging        | 2 3 |  3.3
Evocations     | 1 3 5 |  5.1
Earth Magic    | 1 3 4 |  4.6
Stealth        | |  2.1
Poison Magic   | |  0.5

Action                   |  1- 3 |  4- 6 |  7- 9 | 10-12 || total
-------------------------+-------+-------+-------+-------++-------
Melee: Dagger            |    55 |    46 |       |       ||   101
       Punch             |     2 |     2 |     3 |     4 ||    11
       Staff             |       |    62 |   268 |    89 ||   419
       Quarterstaff      |       |    50 |       |       ||    50
       Mace              |       |       |     1 |    51 ||    52
Throw: Dart              |       |       |     2 |       ||     2
       Boomerang         |       |       |     2 |       ||     2
       Stone             |       |       |     1 |       ||     1
 Cast: Summon Small Mamm |    28 |    24 |    48 |    23 ||   123
       Call Canine Famil |     3 |    16 |    43 |    17 ||    79
Invok: Curse Item        |       |       |     4 |       ||     4
  Use: Scroll            |       |     6 |     4 |       ||    10
       Potion            |       |       |     4 |     1 ||     5
 Stab: Sleeping          |     2 |       |     1 |       ||     3
       Distracted        |     1 |     1 |     5 |     3 ||    10
Armor: Robe              |    16 |     9 |       |       ||    25
       Ring mail         |       |    57 |   136 |    56 ||   249
Dodge: Dodged            |    41 |    95 |   183 |    91 ||   410
